 Dungeon Crawl Stone Soup version 0.30-a0-912-ge10d75a369 (webtiles) character file.

Game seed: 5896583155783455804

18034 112233 the Summoner (level 12, -7/75 HPs)
             Began as a Tengu Summoner on Mar 19, 2023.
             Was an Elder of Vehumet.
             Mangled by a seven-headed hydra (8 damage)
             ... on level 13 of the Dungeon.
             The game lasted 00:35:42 (16700 turns).

112233 the Summoner (Tengu Summoner)               Turns: 16700, Time: 00:35:44

Health: -7/75      AC:  6    Str:  9    XL:     12   Next: 54%
Magic:  0/28       EV: 20    Int: 26    God:    Vehumet [****..]
Gold:   1790       SH:  0    Dex: 15    Spells: 11/33 levels left

rFire   + . .      SeeInvis +    q - +2 trident (freeze)
rCold   + . .      Faith    .    (no shield)
rNeg    . . .      Spirit   +    L - +1 robe {rC+ rF+}
rPois   .          Reflect  .    (helmet restricted)
rElec   .          Rampage  .    r - +1 cloak
rCorr   .                        d - +0 pair of gloves
Will    .....                    (boots unavailable)
Stlth   ++                       w - amulet of guardian spirit
HPRegen 0.32/turn                t - +6 ring of intelligence
MPRegen 0.21/turn                u - ring of see invisible

@: flying quickly and evasively, quick
A: beak, talons 3, nimble flight
a: Renounce Religion


You were on level 13 of the Dungeon.
You worshipped Vehumet.
Vehumet was greatly pleased with you.
You visited 2 branches of the dungeon, and saw 14 of its levels.

You collected 1790 gold pieces.

Inventory:

Hand Weapons
 q - a +2 trident of freezing (weapon)
Missiles
 b - 3 throwing nets
Armour
 a - a +0 robe
 d - a +0 pair of gloves (worn)
 r - a +1 cloak (worn)
 L - a +1 robe of resistance (worn)
Magical Staves
 A - a staff of air
 J - a staff of cold
Jewellery
 g - a ring of protection from cold
 o - a +6 ring of dexterity
 t - a +6 ring of intelligence (left hand)
 u - a ring of see invisible (right hand)
 w - an amulet of guardian spirit (around neck)
 M - a ring of protection from fire
Wands
 v - a wand of flame (27)
 H - a wand of iceblast (15)
 N - a wand of quicksilver (1)
 O - a wand of paralysis (6)
Scrolls
 c - a scroll of magic mapping
 f - 2 scrolls of immolation
 m - 2 scrolls of teleportation
 n - 3 scrolls of enchant armour
 s - 4 scrolls of fog
 x - 5 scrolls of noise
 y - a scroll of summoning
 B - 2 scrolls of vulnerability
 E - 4 scrolls of silence
 F - a scroll of brand weapon {unknown}
 G - 4 scrolls of amnesia
Potions
 e - 3 potions of curing
 h - 3 potions of might
 i - 3 potions of cancellation
 j - 3 potions of brilliance
 k - a potion of invisibility
 l - 4 potions of flight
 p - 4 potions of haste
 z - 4 potions of berserk rage
 C - a potion of mutation {unknown}
 D - 2 potions of lignification
 I - 2 potions of attraction {unknown}


   Skills:
 + Level 8.4 Fighting
 + Level 9.7 Dodging
 - Level 2.5 Stealth
 * Level 11.3 Spellcasting
 + Level 11.4 Summonings
 + Level 9.0 Air Magic


You had 11 spell levels left.
You knew the following spells:

 Your Spells              Type           Power      Damage    Failure   Level
a - Summon Small Mammal   Summ           100%       N/A       1%          1
b - Call Imp              Summ           65%        N/A       1%          2
c - Call Canine Familiar  Summ           65%        N/A       1%          3
d - Summon Guardian Gole  Hex/Summ       44%        N/A       1%          3
e - Apportation           Tloc           28%        N/A       4%          1
f - Summon Lightning Spi  Summ/Air       61%        N/A       1%          4
g - Vhi's Electric Charg  Tloc/Air       76%        N/A       1%          3
h - Freezing Cloud        Conj/Ice/Air   15%        6-21      9%          5

Your spell library contained the following spells:

 Spells                   Type           Power      Damage    Failure   Level
 Fireball                 Conj/Fire      7%         3d5       28%         5
 Freeze                   Ice            56%        1d7       1%          1
 Static Discharge         Conj/Air       76%        2-6/arc   1%          2
 Kindle Blastsparks       Fire/Tloc/Air  60%        2d15      1%          3
 Frozen Ramparts          Ice            28%        1d5       3%          3
 Hailstorm                Conj/Ice       14%        3d5       3%          3
 Ignite Poison            Fire/Tmut/Pois 14%        N/A       3%          3
 Necrotise                Necr           56%        1d6       4%          1
 Arcjolt                  Conj/Air       19%        1d29      4%          5
 Tukima's Dance           Hex            14%        N/A       12%         3
 Plasma Beam              Fire/Air       19%        2x1d33    17%         5
 Yara's Violent Unravell  Hex/Tmut       7%         3d5       28%         5
 Passage of Golubria      Tloc           14%        N/A       36%         4
 Alistair's Intoxication  Tmut/Pois      9%         N/A       73%         5


Dungeon Overview and Level Annotations

Branches:
Dungeon (13/15)            Temple (1/1) D:6            Lair (0/5) D:8
    Orc (0/2) D:10
 Vaults: D:13-14

Altars:
Ashenzari
Cheibriados
Dithmenos
Elyvilon
Fedhas
Gozag
Hepliaklqana
Kikubaaqudgha
Makhleb
Nemelex Xobeh
Okawaru
Qazlal
Ru
Sif Muna
Trog
Uskayaw
Vehumet
Wu Jian
Xom
Yredelemnul
Zin
The Shining One

Shops:
D:10 (   D:12 *

Annotations:
D:4 exclusion: downstairs
D:5 4 runed translucent doors, Crazy Yiuf; Ijustatesigmund's ghost, novice GnFE; RichitheSlayer's ghost, novice HOFi; fly's ghost, weakling DgDe


Innate Abilities, Weirdness & Mutations

You have a beak for a mouth.
You have claws for feet.
Your magical nature lets you fly swiftly and evasively.


Message History

The seven-headed hydra is heavily wounded.
Your warg bites the seven-headed hydra!
The seven-headed hydra barely misses you.
The seven-headed hydra bites you! The seven-headed hydra bites you.
The seven-headed hydra bites you but does no damage.
The seven-headed hydra bites you. The seven-headed hydra bites you!
* * * LOW HITPOINT WARNING * * *
The seven-headed hydra bites you.
* * * LOW HITPOINT WARNING * * *
The seven-headed hydra completely misses you.
The seven-headed hydra bites you but does no damage.
The seven-headed hydra completely misses you.
The seven-headed hydra bites you.
* * * LOW HITPOINT WARNING * * *
The seven-headed hydra completely misses you.
The seven-headed hydra barely misses you.
The seven-headed hydra bites you!
* * * LOW HITPOINT WARNING * * *
Your warg bites the seven-headed hydra!!
Unknown command.
Okay, then.
Unknown command.
You feel better.
Your warg barely misses the seven-headed hydra.
The seven-headed hydra bites you!
* * * LOW HITPOINT WARNING * * *
The seven-headed hydra barely misses you. x2
The seven-headed hydra bites you.
* * * LOW HITPOINT WARNING * * *
The seven-headed hydra bites you but does no damage.
The seven-headed hydra completely misses you.
The seven-headed hydra misses you.
You feel better.
Your warg bites the seven-headed hydra!
The seven-headed hydra bites you!
* * * LOW HITPOINT WARNING * * *
The seven-headed hydra misses you.
The seven-headed hydra completely misses you. x2
The seven-headed hydra barely misses you.
The seven-headed hydra bites you!
You die...

#..# ..... #..# ......
. #..# ...... .. #..#
......
...###..###......
........8.......)
........h........
.......@D9.?.....
#######...##>.?## #...#
...#
.########...##...##..
.....................
......................#
......................#
...........##....##...#
########...##....##...#


You could see a seven-headed hydra (ally target), a friendly guardian golem
(summoned, inner flame), a friendly warg (summoned, sheltered) and a friendly
lightning spire (summoned, sheltered).

Vanquished Creatures
  Pikel (D:4)
  A kobold demonologist (D:11)
  An unseen horror (D:9)
  A troll (D:7)
  A wraith (D:11)
  A yak (D:8)
  Menkaure (D:4)
  A vampire mosquito (D:7)
  A water moccasin (D:7)
  A hornet zombie (D:7)
  An ice beast (D:7)
  A centaur (D:8)
  An ogre (D:4)
  A lemure (D:4)
  A phantom (D:4)
  2 bullfrogs (D:7)
  5 howler monkeys
  2 hounds
  Ijyb (D:4)
  An iguana (D:5)
  An orc wizard (D:7)
  A gnoll (D:4)
  2 dart slugs (D:4)
  5 orcs
  2 ball pythons
  2 endoplasms (D:4)
  2 hobgoblins
  3 kobolds
  A quokka (D:4)
  3 goblins
  3 rats
51 creatures vanquished.

Vanquished Creatures (collateral kills)
  A two-headed ogre (D:12)
  Nergalle (D:11)
  A deep elf pyromancer (D:7)
  An ugly thing (D:12)
  A manticore (D:12)
  An elephant (D:8)
  A cyclops (D:12)
  A komodo dragon (D:10)
  2 kobold demonologists
  4 trolls (D:12)
  A slime creature (D:7)
  2 shadows
  15 yaks
  Eustachio (D:4)
  2 vampire mosquitoes (D:12)
  2 acid dragons
  A water moccasin (D:7)
  4 orc warriors
  An ice beast (D:6)
  A hornet zombie (D:7)
  3 black bears
  2 sky beasts
  An ogre (D:4)
  A centaur (D:10)
  A lemure (D:4)
  2 phantoms (D:4)
  4 kobold brigands
  A bullfrog (D:8)
  2 scorpions (D:6)
  2 wyvern zombies (D:7)
  11 wights (D:7)
  Dowan (D:5)
  4 killer bees (D:11)
  2 howler monkeys
  2 bullfrog zombies (D:7)
  2 centaur zombies (D:7)
  2 hounds
  4 orc priests
  9 orc wizards
  2 iguanas (D:7)
  2 killer bee zombies (D:7)
  2 howler monkey zombies (D:7)
  3 gnolls
  12 adders
  3 shadow imps
  3 white imps
  4 worms
  4 dart slugs
  34 orcs
  8 ball pythons
  5 bats
  3 endoplasms
  4 giant cockroaches
  8 goblins
  6 hobgoblins
  13 kobolds
  A quokka (D:1)
  4 rats
221 creatures vanquished.

Vanquished Creatures (others)
  A tengu warrior (D:7)
  A manticore (D:7)
  2 trolls
  A vampire (D:11)
  A wyvern (D:7)
  2 yaks
  A vampire mosquito (D:12)
  An acid dragon (D:11)
  Duvessa (D:5)
  A water moccasin (D:7)
  4 orc warriors
  A hornet zombie (D:7)
  An ogre (D:6)
  A centaur (D:12)
  4 bullfrogs
  2 wights (D:7)
  2 killer bees
  2 bullfrog zombies (D:7)
  2 centaur zombies (D:7)
  A gnoll bouda (D:7)
  An orc wizard (D:9)
  2 killer bee zombies (D:7)
  A white imp (D:7)
  2 orcs
  A fungus (D:5)
  14 plants (D:7)
  10 withered plants (D:7)
63 creatures vanquished.

Grand Total: 335 creatures vanquished

Notes
Turn   | Place    | Note
-------+----------+-------------------------------------------
     0 | D:1      | 112233 the Tengu Summoner began the quest for the Orb.
     0 | D:1      | Reached XP level 1. HP: 10/10 MP: 4/4
   282 | D:1      | Reached XP level 2. HP: 15/15 MP: 4/6
   295 | D:1      | Learned a level 2 spell: Call Imp
   363 | D:1      | Reached skill level 5 in Summonings
   660 | D:1      | Found a faded altar of an unknown god.
   944 | D:2      | Reached XP level 3. HP: 7/19 MP: 0/7
  1695 | D:2      | Reached XP level 4. HP: 24/24 MP: 6/9
  1862 | D:2      | Learned a level 3 spell: Call Canine Familiar
  2708 | D:3      | Reached skill level 1 in Fighting
  3095 | D:4      | Gained mutation: Your magical nature lets you fly swiftly
                  | and evasively. [Tengu growth]
  3095 | D:4      | Reached XP level 5. HP: 18/29 MP: 1/10
  3349 | D:4      | Noticed Menkaure
  3357 | D:5      | Entered Level 5 of the Dungeon
  3362 | D:5      | Learned a level 3 spell: Summon Guardian Golem
  3364 | D:5      | Learned a level 1 spell: Apportation
  3459 | D:5      | Noticed a lemure
  3459 | D:5      | Noticed a lemure
  3484 | D:4      | Killed Menkaure
  3485 | D:4      | Reached XP level 6. HP: 25/35 MP: 4/12
  3721 | D:4      | Reached XP level 7. HP: 39/40 MP: 6/14
  4035 | D:4      | Noticed Eustachio
  4041 | D:4      | Killed Eustachio
  4203 | D:4      | Noticed Ijyb
  4230 | D:4      | Killed Ijyb
  4323 | D:4      | Reached skill level 5 in Spellcasting
  4394 | D:4      | Reached XP level 8. HP: 46/46 MP: 9/16
  4634 | D:4      | Identified the +5 chain mail "Mis Godu" {Will+ Dex+3}
  4933 | D:5      | Reached skill level 5 in Dodging
  4992 | D:5      | Found a snail-covered altar of Cheibriados.
  5016 | D:5      | Noticed Pikel
  5078 | D:5      | Found a runed translucent gate.
  5159 | D:5      | Found a runed translucent gate.
  5159 | D:5      | Found a runed translucent gate.
  5176 | D:5      | Noticed Duvessa
  5182 | D:5      | Noticed Dowan
  5418 | D:5      | Killed Dowan
  5678 | D:4      | Killed Pikel
  5892 | D:5      | Found a runed translucent door.
  5893 | D:5      | Noticed Crazy Yiuf
  5940 | D:5      | Killed Duvessa
  5941 | D:5      | Reached XP level 9. HP: 52/52 MP: 6/19
  6223 | D:5      | Noticed fly's ghost (weakling DgDe)
  6224 | D:5      | Noticed RichitheSlayer's ghost (novice HOFi)
  6224 | D:5      | Noticed Ijustatesigmund's ghost (novice GnFE)
  6279 | D:6      | Found a staircase to the Ecumenical Temple.
  6357 | Temple   | Entered the Ecumenical Temple
  6363 | Temple   | Learned a level 4 spell: Summon Lightning Spire
  6545 | Temple   | Became a worshipper of Vehumet
  6637 | D:6      | Found an ancient bone altar of Kikubaaqudgha.
  6854 | D:6      | Reached skill level 1 in Air Magic
  7462 | D:7      | Reached skill level 5 in Fighting
  7624 | D:7      | Reached * piety under Vehumet
  7624 | D:7      | Offered knowledge of Shock by Vehumet.
  7864 | D:7      | Reached XP level 10. HP: 54/60 MP: 12/23
  8850 | D:7      | Offered knowledge of Momentum Strike by Vehumet.
  8961 | D:7      | Reached ** piety under Vehumet
  8966 | D:7      | Reached skill level 5 in Air Magic
  9060 | D:7      | Learned a level 3 spell: Vhi's Electric Charge
  9188 | D:7      | Noticed a deep elf pyromancer
  9539 | D:7      | Killed a deep elf pyromancer
  9708 | D:7      | Identified the +1 great mace of Fiek Wuoha {freeze, Str+2}
  9888 | D:7      | Noticed a manticore
  9896 | D:7      | Killed a manticore
  9897 | D:7      | Reached XP level 11. HP: 48/66 MP: 14/25
  9926 | D:7      | Identified the +4 plate armour "Paicahus" {-Cast rElec
                  | rPois}
  9926 | D:7      | Noticed a tengu warrior
  9937 | D:7      | Killed a tengu warrior
 10453 | D:8      | Found a staircase to the Lair.
 10472 | D:8      | Reached skill level 10 in Summonings
 11013 | D:8      | Offered knowledge of Searing Ray by Vehumet.
 11105 | D:8      | Found a basalt altar of Yredelemnul.
 11392 | D:9      | Reached skill level 10 in Spellcasting
 11398 | D:9      | Reached *** piety under Vehumet
 12244 | D:9      | Offered knowledge of Dazzling Flash by Vehumet.
 12940 | D:10     | Entered Level 10 of the Dungeon
 12977 | D:10     | Found a hazy altar of Hepliaklqana.
 14203 | D:10     | Found a staircase to the Orcish Mines.
 14240 | D:10     | Found Xoacluhi's Weapon Shoppe.
 14381 | D:11     | Reached **** piety under Vehumet
 14549 | D:11     | Offered knowledge of Fireball by Vehumet.
 14600 | D:11     | Reached XP level 12. HP: 73/73 MP: 16/27
 14952 | D:11     | Noticed Nergalle
 14959 | D:11     | Killed Nergalle
 15339 | D:12     | Noticed a two-headed ogre
 15347 | D:12     | Killed a two-headed ogre
 15602 | D:11     | Identified a scroll of acquirement
 15613 | D:11     | Acquired 821 gold pieces
 15634 | D:12     | Learned a level 5 spell: Freezing Cloud
 15844 | D:12     | Found Weotyr's Fire Supplies.
 16687 | D:13     | Noticed a seven-headed hydra
 16698 | D:13     | HP: 3/75 [seven-headed hydra (9)]
 16700 | D:13     | HP: 1/75 [seven-headed hydra (9)]
 16700 | D:13     | Mangled by a seven-headed hydra

Illustrated notes

Levels and vault maps discovered:
D:1:      sevenhm_arrival_forest_fort_large_4, layout_rooms,
          nicolae_ecumenical_snake_handling, minivault_4
D:2:      layout_rooms, serial_park_tiny_pond, uniq_robin
D:3:      layout_rooms, columned_hall_lemuel
D:4:      minmay_octagon_keep, layout_layer_cave, minmay_three_crescents,
          uniq_menkaure, uniq_eustachio, uniq_ijyb
D:5:      layout_cave_pools, cheibriados_altar_1, gammafunk_ghost_cemetery,
          uniq_crazy_yiuf_cottage, uniq_pikel, uniq_duvessa
D:6:      layout_basic, lemuel_doored_altar,
          minmay_temple_entry_statues_fountains
D:7:      nzn_winding_woodlands_large [nzn_winding_woodlands_5x5_checkerboard,
          nzn_winding_woodlands_5x15_garden,
          nzn_winding_woodlands_5x5_open_star,
          nzn_winding_woodlands_center_triple_pond,
          nzn_winding_woodlands_15x15_boxy_spiral,
          nzn_winding_woodlands_center_garden, nzn_winding_woodlands_5x5_three,
          nzn_winding_woodlands_5x15_longhouse,
          nzn_winding_woodlands_hourglass], layout_basic, serial_undead,
          serial_undead_b, serial_undead_b, serial_undead_c, serial_undead_e,
          serial_undead_c, serial_undead_b, serial_undead_a, serial_undead_b,
          serial_undead_d, serial_undead_f
D:8:      layout_rooms, mainiacjoe_overflow_cross_hatched, david_lair_generic
D:9:      layout_layer_cave
D:10:     layout_small_grid, mainiacjoe_overflow_paths, david_orc_4,
          serial_shops, shop
D:11:     layout_basic, chequers_serial_rivers_micro_a, uniq_nergalle
D:12:     layout_cave_pools, nicolae_shop_fire_sale [nicolae_sub_dead_trees],
          reono_crystal_passage
D:13:     layout_small_grid, kennysheep_nub, uniq_sonja
Temple:   eino_narrow_crystal_temple

Skill      XL: |  1  2  3  4  5  6  7  8  9 10 11 12 |
---------------+-------------------------------------+-----
Summonings     | 5 6 7 8 9 10 11 | 11.4
Dodging        | 3 4 5 6 7 9 |  9.7
Fighting       | 1 2 3 4 5 6 7 8 |  8.4
Spellcasting   | 3 4 5 6 8 9 10 11 | 11.3
Air Magic      | 3 6 7 9 |  9.0
Stealth        | |  2.5

Action                     |  1- 3 |  4- 6 |  7- 9 | 10-12 || total
---------------------------+-------+-------+-------+-------++-------
  Melee: Unarmed           |    13 |     7 |       |       ||    20
         Kick              |     6 |     4 |    18 |    33 ||    61
         Peck              |     1 |     3 |    16 |    24 ||    44
         Trident           |       |    20 |    86 |   110 ||   216
         Punch             |       |       |     1 |     1 ||     2
   Cast: Summon Small Mamm |    50 |    25 |    10 |     2 ||    87
         Call Imp          |    19 |    17 |    21 |     6 ||    63
         Call Canine Famil |       |    14 |    31 |    54 ||    99
         Summon Guardian G |       |     2 |    27 |    51 ||    80
         Summon Lightning  |       |       |     5 |    54 ||    59
         Apportation       |       |       |     1 |     2 ||     3
         Vhi's Electric Ch |       |       |       |     2 ||     2
    Use: Potion            |       |       |     6 |     4 ||    10
         Scroll            |       |       |     2 |    22 ||    24
   Stab: Distracted        |       |     1 |     2 |     3 ||     6
         Sleeping          |       |     2 |       |     3 ||     5
 Armour: Robe              |    12 |    12 |    14 |    23 ||    61
  Dodge: Dodged            |    44 |    30 |    97 |   188 ||   359

Table legend: (Time is in decaauts)
 A = Elapsed time spent in this place.
 B = Non-inter-level travel time spent in this place.
 C = Inter-level travel time spent in this place.
 D = Time resting spent in this place.
 E = Time spent auto-exploring this place.
 F = Levels seen in this place.
 G = Mean time per level.
                   A        B        C        D        E       F      G
               +--------+--------+--------+--------+--------+-----+--------+
         Total |  16151 |  15704 |    447 |   3692 |   9129 |  14 | 1153.6 |
       Dungeon |  15967 |  15535 |    432 |   3692 |   8975 |  13 | 1228.2 |
        Temple |    184 |    170 |     14 |      0 |    153 |   1 |  184.0 |
               +--------+--------+--------+--------+--------+-----+--------+

Top non-repeatable levels by time:
     D:7: 2594 daAuts
     D:4: 2143 daAuts
     D:9: 1808 daAuts
     D:1: 1183 daAuts
    D:12: 1172 daAuts
     D:8: 1150 daAuts
     D:2: 1086 daAuts
    D:10: 1041 daAuts
    D:11: 1040 daAuts
     D:6: 962 daAuts
     D:5: 915 daAuts
     D:3: 804 daAuts
  Temple: 184 daAuts
    D:13: 63 daAuts
